 Dungeon Crawl Stone Soup version 0.28.0-53-g5a82cb258f (webtiles) character file.

Game seed: 15067469359188370755

1467 sanboga the Carver (level 8, 0/73 HPs)
             Began as a Minotaur Berserker on July 21, 2022.
             Was a Priest of Trog.
             Slain by an orc wizard
             ... wielding a +0 dagger
              (1 damage)
             ... on level 5 of the Dungeon.
             The game lasted 00:04:21 (4425 turns).

sanboga the Carver (Minotaur Berserker)             Turns: 4425, Time: 00:04:22

Health: 0/73       AC: 12    Str: 24    XL:     8   Next: 48%
Magic:  7/7        EV: 13    Int:  4    God:    Trog [***...]
Gold:   248        SH:  5    Dex: 10    Spells: 7/7 levels left

rFire   . . .      SeeInvis .   a - +0 falchion
rCold   . . .      Faith    .   (no shield)
rNeg    . . .      Spirit   .   g - +0 chain mail
rPois   .          Reflect  +   (helmet restricted)
rElec   .          Harm     .   (no cloak)
rCorr   .          Rampage  .   (no gloves)
Will    .....                   h - +1 pair of boots
Stlth   ..........              c - amulet of reflection
HPRegen 0.22/turn               j - +4 ring of evasion
MPRegen 0.10/turn               (no ring)

@: on berserk cooldown, slowed, very slow
A: horns 2, retaliatory headbutt
a: Renounce Religion, Berserk, Trog's Hand


You were on level 5 of the Dungeon.
You worshipped Trog.
Trog was most pleased with you.
You visited 1 branch of the dungeon, and saw 5 of its levels.

You collected 248 gold pieces.

Inventory:

Hand Weapons
 a - a +0 falchion (weapon)
Armour
 g - a +0 chain mail (worn)
 h - a +1 pair of boots (worn)
Jewellery
 c - an amulet of reflection (around neck)
 j - a +4 ring of evasion (left hand)
 t - a ring of resist corrosion
Wands
 s - a wand of iceblast (7)
 u - a wand of acid (6)
Scrolls
 e - a scroll of vulnerability {unknown}
 f - 3 scrolls of silence {unknown}
 m - 2 scrolls of fear {unknown}
 n - a scroll of immolation {unknown}
 o - 5 scrolls of identify {unknown}
 p - a scroll of amnesia {unknown}
Potions
 b - 2 potions of mutation {unknown}
 d - a potion of flight {unknown}
 i - a potion of degeneration {unknown}
 k - a potion of heal wounds {unknown}
 l - a potion of berserk rage {unknown}
 q - a potion of might {unknown}
 r - 2 potions of curing {unknown}


   Skills:
 + Level 7.2 Fighting
 * Level 9.7 Long Blades
 + Level 6.7 Armour
 - Level 2.1 Dodging


You had 7 spell levels left.
You didn't know any spells.
Your spell library was empty.

Dungeon Overview and Level Annotations

Branches:
Dungeon (5/15)             Temple (0/1) D:5

Altars:

Shops:
D:4 [


Innate Abilities, Weirdness & Mutations

You have a pair of horns on your head.
You reflexively headbutt those who attack you in melee.


Message History

You barely miss the orc warrior.
The orc warrior is almost dead.
The shadow hits you.
* * * LOW HITPOINT WARNING * * *
The orc warrior barely misses you.
You closely miss the orc warrior.
The orc warrior is almost dead.
You slash the orc warrior!
You kill the orc warrior!
Trog accepts your kill.
The shadow slips into darkness.
The shadow flickers and vanishes!
Deactivating autopickup; reactivate with Ctrl-A.
Your Fighting skill increases to level 7!
You slash something! You headbutt something! You hit something.
Trog accepts your kill.
Reactivating autopickup.
You feel a bit more experienced.
You hear some strange, mumbled words.
Deactivating autopickup; reactivate with Ctrl-A.
Something tries to affect you, but you resist.
You feel a strong urge to attack something.
You are no longer berserk.
You are exhausted.
You feel yourself slow down.
You barely miss something. Something completely misses you.
You hit something.
You hear some strange, mumbled words.
Something tries to affect you, but you resist.
Something hits you but does no damage.
You miss something. Your headbutt misses something.
Something hits you but does no damage.
Okay, then.
You barely miss something. You headbutt something.
Something hits you but does no damage.
You miss something. Your headbutt misses something. Something hits you.
* * * LOW HITPOINT WARNING * * *
You hit something but do no damage. Something hits you.
You die...

#.######.#.....
#.#......##...#
#.#.#######...#
#######.#......##...#
..#....######.##...#
#.#.###.......##<..#
#.#.#.#.####..##...#
#)#.....# #.......#
#).@{.### #.##..##.
##....# #.##..##.
######.#######
#.##.|#..
#............#
#.##..#..
#............#
#.#####..
#......(.....#
#........
#............#
########.
######[........ ##
#.........


There were no monsters in sight!

Vanquished Creatures
  Sigmund (D:2)
  A shadow (D:5)
  The ghost of zekoff the Ruffian, an amateur DrTm (D:3)
  An ice beast (D:5)
  An orc warrior (D:5)
  An ogre (D:5)
  A phantom (D:4)
  Blork the orc (D:5)
  A bullfrog (D:3)
  A water moccasin skeleton (D:4)
  A hound (D:4)
  An orc priest (D:5)
  A jelly (D:5)
  A gnoll shaman (D:4)
  An iguana (D:4)
  4 orc wizards
  Natasha (D:2)
  A hound skeleton (D:5)
  9 gnolls
  6 adders
  An adder skeleton (D:4)
  4 worms
  4 dart slugs
  7 orcs
  5 endoplasms
  A giant cockroach (D:4)
  5 goblins
  5 hobgoblins
  2 jackals (D:2)
  6 kobolds
  5 quokkas
  7 ball pythons
  7 bats
  4 frilled lizards
  A rat (D:3)
100 creatures vanquished.

Notes
Turn   | Place    | Note
-------+----------+-------------------------------------------
     0 | D:1      | sanboga the Minotaur Berserker began the quest for the Orb.
     0 | D:1      | Reached XP level 1. HP: 19/19 MP: 0/0
   128 | D:1      | Reached skill level 4 in Long Blades
   150 | D:1      | Reached XP level 2. HP: 21/27 MP: 1/1
   826 | D:1      | Found a faded altar of an unknown god.
   959 | D:2      | Reached XP level 3. HP: 33/33 MP: 2/2
  1252 | D:2      | Reached ** piety under Trog
  1350 | D:2      | Reached XP level 4. HP: 28/40 MP: 3/3
  1507 | D:2      | Reached skill level 5 in Long Blades
  1566 | D:2      | Noticed Sigmund
  1577 | D:2      | Killed Sigmund
  1578 | D:2      | Reached skill level 5 in Fighting
  1578 | D:2      | Reached skill level 6 in Long Blades
  1578 | D:2      | Reached XP level 5. HP: 33/48 MP: 4/4
  1759 | D:2      | Noticed Natasha
  1766 | D:2      | Killed Natasha
  1967 | D:3      | Found a runed translucent door.
  1975 | D:3      | Noticed zekoff's ghost (amateur DrTm)
  1978 | D:3      | Reached XP level 6. HP: 56/56 MP: 5/5
  2010 | D:3      | Killed zekoff's ghost
  2011 | D:3      | Reached skill level 7 in Long Blades
  2426 | D:3      | Reached XP level 7. HP: 25/62 MP: 6/6
  3000 | D:4      | Reached skill level 5 in Armour
  3316 | D:4      | Found Buntail's Armour Shop.
  3645 | D:4      | Reached *** piety under Trog
  3646 | D:4      | Reached skill level 8 in Long Blades
  3882 | D:5      | Entered Level 5 of the Dungeon
  4002 | D:5      | Noticed Blork the orc
  4013 | D:5      | Killed Blork the orc
  4079 | D:5      | Reached XP level 8. HP: 63/71 MP: 7/7
  4138 | D:5      | Found a staircase to the Ecumenical Temple.
  4147 | D:5      | Reached skill level 9 in Long Blades
  4413 | D:5      | HP: 2/106 [shadow (5)]
  4424 | D:5      | HP: 1/73 [something (2)]
  4425 | D:5      | Slain by an orc wizard

Illustrated notes

Levels and vault maps discovered:
D:1:      nzn_arrival_depleted_hourglass, layout_basic,
          shapermc_ecumenical_altar_mp_ritualfount,
          chequers_serial_rivers_room_b
D:2:      layout_loops_ring, uniq_natasha, uniq_sigmund
D:3:      layout_basic, ebering_ghost_sewer_d
D:4:      layout_rooms, serial_shops, shop
D:5:      layout_basic, minmay_temple_entry_sparse_star, uniq_blork_the_orc,
          uniq_pikel

Skill      XL: |  1  2  3  4  5  6  7  8 |
---------------+-------------------------+-----
Long Blades    | 4 6 7 8 9 |  9.7
Fighting       | 4 5 6 7 |  7.2
Armour         | 3 4 6 |  6.7
Dodging        | |  2.1

Action                   |  1- 3 |  4- 6 |  7- 9 || total
-------------------------+-------+-------+-------++-------
Melee: Falchion          |    74 |   107 |   149 ||   330
       Headbutt          |    14 |    11 |    38 ||    63
       Punch             |     2 |     5 |     5 ||    12
Invok: Berserk           |       |       |     1 ||     1
Armor: Animal skin       |     2 |       |       ||     2
       Chain mail        |    13 |    58 |    63 ||   134
Dodge: Dodged            |    36 |    49 |    71 ||   156
Block: Other             |    15 |    27 |    33 ||    75
       Reflection        |       |       |     1 ||     1
